 Dungeon Crawl Stone Soup version 0.28.0-45-g0d030f2227 (console) character file.

Game seed: 17762388714147908373

258 Zeor the Twirler (level 5, -6/44 HPs)
             Began as a Minotaur Gladiator on Apr 5, 2022.
             Killed from afar by an orc wizard (8 damage)
             ... with a magic dart
             ... on level 4 of the Dungeon.
             The game lasted 00:09:17 (2981 turns).

Zeor the Twirler (Minotaur Gladiator)               Turns: 2981, Time: 00:09:18

Health: -6/44      AC: 10    Str: 20    XL:     5   Next: 94%
Magic:  4/4        EV:  8    Int:  5    God:
Gold:   316        SH:  0    Dex: 12    Spells: 4/4 levels left

rFire   . . .      SeeInvis .   a - +0 quarterstaff
rCold   . . .      Faith    .   (shield currently unavailable)
rNeg    . . .      Spirit   .   n - +0 chain mail
rPois   .          Reflect  .   c - +0 hat
rElec   .          Harm     .   (no cloak)
rCorr   .          Rampage  .   l - +0 pair of gloves
Will    .....                   (no boots)
Stlth   ..........              (no amulet)
HPRegen 0.14/turn               (no ring)
MPRegen 0.09/turn               (no ring)

@: brilliant
A: horns 2, retaliatory headbutt
a: no special abilities


You were on level 4 of the Dungeon.
You visited 1 branch of the dungeon, and saw 4 of its levels.

You collected 316 gold pieces.

Inventory:

Hand Weapons
 a - a +0 quarterstaff (weapon)
Missiles
 d - 3 throwing nets
 e - 4 javelins (quivered)
 h - 21 arrows
Armour
 c - a +0 hat (worn)
 l - a +0 pair of gloves (worn)
 n - a +0 chain mail (worn)
Scrolls
 k - 2 scrolls of enchant armour
Potions
 b - a potion of curing {unknown}
 g - a potion of attraction {unknown}
 i - 2 potions of magic
 j - a potion of might {unknown}


   Skills:
 + Level 2.8 Fighting
 * Level 6.3 Staves
 + Level 2.4 Throwing
 * Level 3.1 Armour
 + Level 3.8 Dodging
 + Level 0.8 Stealth


You had 4 spell levels left.
You didn't know any spells.
Your spell library contained the following spells:

 Spells                   Type           Power      Damage    Failure   Level
 Pain                     Necr           0%         1d4       99%         1
 Slow                     Hex            0%         N/A       99%         1
 Summon Small Mammal      Summ           0%         N/A       99%         1
 Call Canine Familiar     Summ           0%         N/A       100%        3
 Confusing Touch          Hex            0%         N/A       100%        3
 Summon Guardian Golem    Hex/Summ       0%         N/A       100%        3
 Tukima's Dance           Hex            0%         N/A       100%        3
 Vampiric Draining        Necr           0%         2d6       100%        3
 Anguish                  Hex/Necr       0%         N/A       100%        4
 Agony                    Necr           0%         N/A       100%        5
 Excruciating Wounds      Necr           0%         N/A       100%        5
 Enfeeble                 Hex            0%         N/A       100%        7


Dungeon Overview and Level Annotations

Branches:
Dungeon (4/15)
 Temple: D:4-7

Altars:


Innate Abilities, Weirdness & Mutations

You have a pair of horns on your head.
You reflexively headbutt those who attack you in melee.


Message History

The javelin pierces through the orc priest!
You kill the orc priest!
The javelin pierces through the orc priest.
The orc priest is severely wounded.
The javelin barely misses the jackal.
The orc priest mumbles some strange prayers to Beogh against you.
Beogh smites you!
You hear some strange, mumbled words.
Something tries to affect you, but you resist.
Items here: )) [ †.
You miss something.
You hear some strange, mumbled words.
A puff of flame appears from out of thin air!
The puff of flame hits you!
* * * LOW HITPOINT WARNING * * *
Throw: 5 javelins
Press: ? - help, Q - select action, (/) - cycle Shift-Dir - straight line, f/p - orc priest
Aim: an orc priest, wielding a +1 hand axe of flaming and wearing a +0 leather armour (severely wounded, 59% to hit)
You throw a javelin.
The javelin pierces through the orc priest!
You kill the orc priest!
Something hits you.
* * * LOW HITPOINT WARNING * * *
Your Armour skill increases to level 3!
You barely miss something. Your headbutt misses something.
Something hits you but does no damage.
You miss something.
You hear some strange, mumbled words.
A magic dart appears from out of thin air!
The magic dart hits you.
* * * LOW HITPOINT WARNING * * *
It was a potion of brilliance.
You feel clever all of a sudden. Something hits you.
* * * LOW HITPOINT WARNING * * *
You miss something.
You hear some strange, mumbled words.
A magic dart appears from out of thin air!
The magic dart hits you!
You die...

▒∙▒▒∙▒ ▒∙▒▒∙▒ ▒∙▒▒∙▒
▒∙▒▒∙▒ ▒∙▒▒∙▒ ▒∙▒▒∙▒
▒∙▒▒▒ ▒∙▒▒∙▒
∙∙∙(({▒▒▒▒▒▒▒▒▒▒▒▒∙▒▒∙▒
∙(∙∙∙h{H∙∙∙∙∙∙∙∙∙∙∙▒▒∙▒
▒∙▒▒▒▒▒▒▒▒▒▒▒▒▒▒▒▒▒▒▒∙▒
▒∙▒ ▒∙▒ ▒∙▒ ▒∙▒ ▒∙▒ ∙
▒∙▒ ▒∙▒▒▒▒▒ ▒∙▒


You could see a jackal.

Vanquished Creatures
  2 orc priests (D:4)
  A bullfrog skeleton (D:4)
  An orc wizard (D:4)
  A gnoll (D:1)
  5 adders
  A worm (D:3)
  A dart slug (D:1)
  5 orcs
  6 bats
  5 endoplasms
  5 giant cockroaches
  8 goblins
  3 hobgoblins
  8 jackals
  2 quokkas
  7 ball pythons
  5 frilled lizards
  10 kobolds
  8 rats
84 creatures vanquished.

Vanquished Creatures (others)
  6 fungi (D:2)
  5 toadstools (D:2)
11 creatures vanquished.

Grand Total: 95 creatures vanquished

Notes
Turn   | Place    | Note
-------+----------+-------------------------------------------
     0 | D:1      | Zeor the Minotaur Gladiator began the quest for the Orb.
     0 | D:1      | Reached XP level 1. HP: 18/18 MP: 0/0
    33 | D:1      | Reached skill level 4 in Staves
    97 | D:1      | Reached XP level 2. HP: 25/25 MP: 1/1
   397 | D:1      | Reached XP level 3. HP: 29/30 MP: 2/2
   683 | D:1      | Reached skill level 1 in Armour
  1099 | D:2      | Reached skill level 5 in Staves
  1307 | D:2      | Reached XP level 4. HP: 29/37 MP: 3/3
  2145 | D:3      | Found a faded altar of an unknown god.
  2663 | D:4      | Reached XP level 5. HP: 29/42 MP: 4/4
  2836 | D:4      | Reached skill level 6 in Staves
  2980 | D:4      | HP: 2/44 [something (3)]
  2981 | D:4      | Killed from afar by an orc wizard

Illustrated notes

Levels and vault maps discovered:
D:1:      minmay_arrival_diagonal_passages, layout_loops_cross
D:2:      minmay_general_purpose_star, layout_loops_ring, skrybe_limestone_x,
          minmay_gold_behind_fungi
D:3:      layout_basic, ebering_ecumenical_altar_rust
D:4:      layout_basic, jmf_multi_god_temple

Skill      XL: |  1  2  3  4  5 |
---------------+----------------+-----
Staves         | 4 5 6 |  6.3
Armour         | 1 2 3 |  3.1
Fighting       | |  2.8
Throwing       | |  2.4
Dodging        | |  3.8
Stealth        | |  0.8

Action                   |  1- 3 |  4- 6 || total
-------------------------+-------+-------++-------
Melee: Quarterstaff      |    84 |    81 ||   165
       Headbutt          |     5 |    12 ||    17
Throw: Javelin           |     3 |     5 ||     8
  Use: Scroll            |     4 |     3 ||     7
       Potion            |       |     4 ||     4
Armor: Leather armour    |     7 |       ||     7
       Scale mail        |    24 |     9 ||    33
       Chain mail        |       |    40 ||    40
Dodge: Dodged            |    32 |    42 ||    74
